 Dungeon Crawl Stone Soup version 0.29.1-12-g30fa7ad0bf (webtiles) character file.

Game seed: 10913497626941403392

16 concernfroge the Scratcher (level 2, 0/12 HPs)
             Began as a Felid Transmuter on Jan 14, 2023.
             Slain by a bat (1 damage)
             ... on level 2 of the Dungeon.
             The game lasted 00:02:22 (423 turns).

concernfroge the Scratcher (Felid Transmuter)        Turns: 423, Time: 00:02:24

Health: 0/12       AC:  1    Str:  6    XL:     2   Next: 37%
Magic:  6/6        EV: 17    Int: 14    God:
Gold:   34         SH:  0    Dex: 16    Spells: 4/5 levels left
                                        Lives:  0   Deaths: 0

rFire   . . .      SeeInvis +     - Unarmed
rCold   . . .      Faith    .   (shield unavailable)
rNeg    . . .      Spirit   .   (body armour unavailable)
rPois   .          Reflect  .   (helmet unavailable)
rElec   .          Harm     .   (cloak unavailable)
rCorr   .          Rampage  .   (gloves unavailable)
Will    .....                   (boots unavailable)
Stlth   ++........              (no amulet)
HPRegen 0.04/turn               (no ring)
MPRegen 0.10/turn               (no ring)

@: appendages (expiring), quick
A: horns 2, very small, claws 1, fangs 3, see invisible, speed 1, shaggy fur 1,
stealthy paws, no weapons or thrown items, no armour, multi-lived
a: End Transformation


You were on level 2 of the Dungeon.
You had temporarily grown beastly horns.
You visited 1 branch of the dungeon, and saw 2 of its levels.

You collected 34 gold pieces.

Inventory:

Scrolls
 b - a scroll of identify {unknown}
 c - 3 scrolls of teleportation {unknown}
Potions
 a - a potion of lignification
 d - a potion of magic {unknown}


   Skills:
 + Level 1.4 Fighting
 + Level 3.1 Dodging
 + Level 1.3 Stealth
 + Level 3.2 Unarmed Combat
 - Level 2.0 Spellcasting
 - Level 2.1 Transmutations


You had 4 spell levels left.
You knew the following spells:

 Your Spells              Type           Power      Damage    Failure   Level
a - Beastly Appendage     Tmut           14%        N/A       10%         1

Your spell library contained the following spells:

 Spells                   Type           Power      Damage    Failure   Level
 Wereblood                Tmut           7%         N/A       14%         2
 Spider Form              Tmut/Pois      4%         N/A       41%         3
 Confusing Touch          Hex            1%         N/A       56%         3
 Ice Form                 Ice/Tmut       4%         N/A       83%         4
 Yara's Violent Unravell  Hex/Tmut       2%         3d3       99%         5
 Enfeeble                 Hex            0%         N/A       100%        7


Dungeon Overview and Level Annotations

Branches:
Dungeon (2/15)

Altars:


Innate Abilities, Weirdness & Mutations

You have temporarily grown beastly horns.
You have sharp claws.
You have razor-sharp teeth.
You have supernaturally acute eyesight. (SInv)
You cover ground quickly. (Speed+)
You are covered in fur. (AC +1)
Your paws help you pounce on unaware monsters.
You are incapable of wielding weapons or throwing items.
You cannot wear armour.
You gain extra lives every three experience levels.


Message History

The teleport trap disappears.
The bat disappears!
The bat attacks as you move away! The bat hits you but does no damage.
The bat misses you. The bat closely misses you. x2
The bat closely misses you. The bat attacks as you move away!
The bat misses you. x2
Casting: Beastly Appendage (safe; 10% risk of failure)
Confirm with . or Enter, or press ? or * to list all spells.
You grow a pair of large bovine horns.
The bat closely misses you. The bat hits you.
* * * LOW HITPOINT WARNING * * *
You scratch the bat.
The bat is moderately wounded.
The bat closely misses you. The bat barely misses you.
You barely miss the bat.
The bat is moderately wounded.
The bat completely misses you.
You closely miss the bat. Your bite misses the bat. The bat misses you.
You completely miss the bat.
The bat is moderately wounded.
The bat misses you.
You scratch the bat.
The bat is severely wounded.
The bat completely misses you. The bat hits you but does no damage.
You barely miss the bat. You headbutt the bat, but do no damage.
The bat is moderately wounded.
The bat barely misses you.
You barely miss the bat. Your claw misses the bat. You bite the bat.
You kill the bat!
The bat hits you.
* * * LOW HITPOINT WARNING * * *
You barely miss the bat. Your headbutt misses the bat.
You bite the bat, but do no damage.
The bat is moderately wounded.
The bat misses you.
You closely miss the bat.
The bat is moderately wounded.
The bat completely misses you.
Your transformation is almost over.
The bat hits you.
You die...

##### ##...##
#######...<.#
#.b...†.....#
#@#####..>..#
........#
##...##
......###
##.## .....#
..). ..#.#
####. # #. #
#


You could see a bat.

Vanquished Creatures
  A dart slug (D:1)
  A ball python (D:1)
  A bat (D:2)
  3 goblins (D:1)
  A hobgoblin (D:1)
  2 jackals (D:1)
  3 frilled lizards (D:1)
12 creatures vanquished.

Notes
Turn   | Place    | Note
-------+----------+-------------------------------------------
     0 | D:1      | concernfroge the Felid Transmuter began the quest for the
                  | Orb.
     0 | D:1      | Reached XP level 1. HP: 9/9 MP: 4/4
   120 | D:1      | Reached skill level 1 in Stealth
   124 | D:1      | Reached XP level 2. HP: 12/12 MP: 6/6
   423 | D:2      | Slain by a bat

Illustrated notes

Levels and vault maps discovered:
D:1:      saegor_arrival_simple_a, layout_rooms
D:2:      layout_loops_corners, serial_shops, nicolae_shop_behind_doors

Skill      XL: |  1 |
---------------+----+-----
Dodging        | 3 |  3.1
Stealth        | 1 |  1.3
Fighting       | |  1.4
Unarmed Combat | |  3.2
Spellcasting   | |  2.0
Transmutations | |  2.1

Action                   || total
-------------------------++-------
Melee: Unarmed           ||    36
       Headbutt          ||     6
       Bite              ||     2
 Cast: Beastly Appendage ||     7
Armor: Skin              ||     6
Dodge: Dodged            ||    69
